[Event "Titled Tuesday Blitz April 05 Late 2022"]
[White "Morris-Suzuki, Sophie"]
[Black "Andrews, Todd"]
[WhiteFideId "30922615"]
[BlackFideId "2012456"]
[WhiteElo "2509"]
[BlackElo "2312"]
[Result "0-1"]
[Round "09"]
[TimeControl "180+1"]
[Date "2022.04.06"]
[WhiteClock "0:00:01"]
[BlackClock "0:00:07"]

1. d4 Nf6 2. c4 c5 3. d5 b5 4. cxb5 a6 5. b6 e6 6. Nc3 Nxd5 7. Nxd5 exd5 8. Qxd5 Nc6 9. e4 Be7 10. Bc4 O-O 11. Nf3 Rb8 12. O-O Rxb6 13. b3 d6 14. Bb2 Be6 15. Qd3 Nb4 16. Qe2 Bf6 17. Bxe6 fxe6 18. e5 dxe5 19. Rad1 Rd6 20. Bxe5 Bxe5 21. Nxe5 Rf5 22. Nc4 Rxd1 23. Rxd1 Qf6 24. Re1 Rd5 25. Ne3 Rd6 26. a3 Nd3 27. Nc4 Nf4 28. Qe4 Rd4 29. Qa8+ Qf8 30. Qxf8+ Kxf8 31. g3 Nh3+ 32. Kg2 Ng5 33. h4 Ne4 34. f3 Nd2 35. Rxe6 Nxc4 36. bxc4 Rxc4 37. Rxa6 Rc2+ 38. Kh3 Kf7 39. Kg4 Ra2 40. Kf5 g6+ 41. Kg5 c4 42. Ra7+ Ke6 43. Rxh7 Rxa3 44. f4 Rxg3+ 45. Kh6 Kd5 46. Rd7+ Ke4 47. Rc7 c3 48. h5 gxh5 49. Kxh5 Kxf4 0-1


[Site "https://www.chess.com"]

[Event "Titled Tuesday Blitz April 05 Late 2022"]
[White "Murzin, Volodar"]
[Black "Fedoseev, Vladimir"]
[WhiteFideId "44155573"]
[BlackFideId "24130737"]
[WhiteElo "2585"]
[BlackElo "2726"]
[Result "0-1"]
[Round "09"]
[TimeControl "180+1"]
[Date "2022.04.05"]
[WhiteClock "0:00:03"]
[BlackClock "0:00:51"]

1. e4 c5 2. Nf3 Nc6 3. Bb5 e5 4. c3 Nf6 5. O-O Nxe4 6. Re1 Nd6 7. Nxe5 Be7 8. Bf1 O-O 9. d4 cxd4 10. cxd4 Nf5 11. d5 Nxe5 12. Rxe5 d6 13. Re1 Bf6 14. Nc3 Bd7 15. Bf4 Qb6 16. Qd2 Rac8 17. Bd3 h6 18. Rac1 Rfe8 19. h3 Nh4 20. Ne4 Be5 21. Bxe5 Rxe5 22. Rxc8+ Bxc8 23. Re3 Bd7 24. Rg3 Kf8 25. Qc3 Nf5 26. Rf3 Ke7 27. g4 Nh4 28. Re3 Ng6 29. Kg2 Nf4+ 30. Kg3 Nxd5 31. Nxd6 Nxc3 0-1


[Site "https://www.chess.com"]

[Event "Titled Tuesday Blitz April 05 Late 2022"]
[White "Nepomniachtchi, Ian"]
[Black "Andreikin, Dmitry"]
[WhiteFideId "4168119"]
[BlackFideId "4158814"]
[WhiteElo "2740"]
[BlackElo "2736"]
[Result "1-0"]
[Round "09"]
[TimeControl "180+1"]
[Date "2022.04.05"]
[WhiteClock "0:02:11"]
[BlackClock "0:01:13"]

1. e4 c5 2. Nf3 e6 3. d4 cxd4 4. Nxd4 Nc6 5. Nc3 a6 6. Nxc6 bxc6 7. Qd3 d5 8. Bf4 Nf6 9. Be2 Be7 10. Qg3 O-O 11. O-O-O Nd7 12. h4 Qa5 13. h5 d4 14. Rxd4 Bf6 15. Ra4 Qc5 16. Rc4 Qa5 17. Bc7 Nb6 18. Rxc6 Bxc3 19. Qxc3 Qxa2 20. h6 e5 21. b3 Nd7 22. hxg7 Re8 23. Rxh7 Kxh7 24. Qh3+ Kxg7 25. Qh6+ Kg8 26. Rg6+ fxg6 27. Bc4+ 1-0


[Site "https://www.chess.com"]

[Event "Titled Tuesday Blitz April 05 Late 2022"]
[White "Ovetchkin, Roman"]
[Black "Weetik, Vjacheslav"]
[WhiteFideId "4119991"]
[BlackFideId "4153472"]
[WhiteElo "2409"]
[BlackElo "2469"]
[Result "1-0"]
[Round "09"]
[TimeControl "180+1"]
[Date "2022.04.05"]
[WhiteClock "0:00:14"]
[BlackClock "0:00:03"]

1. d4 d5 2. c4 e6 3. Nf3 Nf6 4. g3 Be7 5. Bg2 O-O 6. Qc2 b6 7. cxd5 exd5 8. O-O Bb7 9. Nc3 Na6 10. Bg5 h6 11. Bxf6 Bxf6 12. Rfd1 Re8 13. Rac1 c6 14. e4 Nb4 15. Qb1 dxe4 16. Nxe4 Be7 17. Ne5 Rc8 18. Nc3 Qd6 19. a3 Nd5 20. Qa2 Bg5 21. f4 Be7 22. Ne4 Qe6 23. Nc3 Ne3 24. Qxe6 fxe6 25. Bh3 Bf6 26. Re1 Nf5 27. Rcd1 c5 28. dxc5 Rxc5 29. Ne4 Rc7 30. Nxf6+ gxf6 31. Nd3 Nd4 32. Re3 Rc2 33. Ne1 Ne2+ 34. Kf1 Rxb2 35. Rxe2 Ba6 36. Bg4 f5 37. Bh5 Rc8 38. Nd3 Rb3 39. Red2 Rcc3 40. Be2 Rxa3 41. Ne5 Bxe2+ 42. Kxe2 Re3+ 43. Kf2 1-0


[Site "https://www.chess.com"]

[Event "Titled Tuesday Blitz April 05 Late 2022"]
[White "P., Komal Kishore"]
[Black "Roman, Rodrigo"]
[WhiteFideId "5016703"]
[BlackFideId "3701220"]
[WhiteElo "2089"]
[BlackElo "2001"]
[Result "0-1"]
[Round "09"]
[TimeControl "180+1"]
[Date "2022.04.06"]
[WhiteClock "0:00:16"]
[BlackClock "0:01:02"]

1. e4 e6 2. d4 d5 3. Nd2 dxe4 4. Nxe4 Nd7 5. Nf3 Ngf6 6. Bd3 Be7 7. c3 O-O 8. O-O b6 9. Re1 Bb7 10. Qe2 c5 11. dxc5 Nxc5 12. Nxc5 Bxc5 13. Bg5 Be7 14. Rad1 Qc7 15. Bh4 Rad8 16. Bg3 Bd6 17. Bxd6 Rxd6 18. Ne5 Rfd8 19. Bc2 h6 20. h3 Qc5 21. Bb3 b5 22. a3 a5 23. Rxd6 Rxd6 24. Rd1 b4 25. Rxd6 Qxd6 26. cxb4 axb4 27. a4 Nd5 28. Qf3 Qe7 29. Qg3 Qc7 30. Bxd5 Bxd5 31. Qf4 b3 32. Qd4 Qa5 33. Kh2 Qc7 34. f4 f6 35. Nd3 Qc2 36. Ne1 Qc1 0-1


[Site "https://www.chess.com"]

[Event "Titled Tuesday Blitz April 05 Late 2022"]
[White "Pakleza, Zbigniew"]
[Black "Chernobay, Artem"]
[WhiteFideId "1119290"]
[BlackFideId "4167406"]
[WhiteElo "2467"]
[BlackElo "2473"]
[Result "0-1"]
[Round "09"]
[TimeControl "180+1"]
[Date "2022.04.05"]
[WhiteClock "0:00:07"]
[BlackClock "0:00:07"]

1. d4 Nf6 2. Nf3 d5 3. Bf4 c5 4. c3 e6 5. e3 Bd6 6. Bg3 O-O 7. Nbd2 b6 8. Ne5 Bb7 9. f4 Ne4 10. Nxe4 dxe4 11. Nc4 Be7 12. Be2 b5 13. Nd2 Qb6 14. O-O Nc6 15. a4 a6 16. f5 exf5 17. Rxf5 Rad8 18. Kh1 cxd4 19. cxd4 Nxd4 20. exd4 Qxd4 21. axb5 axb5 22. Nf1 Qxb2 23. Qe1 Bb4 24. Rxb5 Bxe1 25. Rxb2 Bc3 26. Rxb7 Bxa1 27. h4 f5 28. Bf4 Bf6 29. h5 g5 30. hxg6 hxg6 31. Bc4+ Kh8 32. Ng3 g5 33. Bc7 Rd1+ 34. Kh2 Rd7 35. Be6 Rh7+ 36. Kg1 Bd4+ 37. Kf1 e3 38. Nxf5 Re7 39. Ke2 Rxe6 40. Nxd4 Rf2+ 41. Ke1 Ra6 42. Rb1 Rxg2 43. Be5+ Kh7 44. Kf1 Rf2+ 45. Kg1 Raa2 46. Nf5 Rxf5 47. Bd4 e2 48. Bf2 Rd2 49. Kg2 Rd1 50. Rb7+ Kg6 51. Re7 Rd2 52. Be1 Rc2 53. Re6+ Rf6 54. Re3 Rf1 55. Rxe2 Rxe2+ 56. Kxf1 Rc2 57. Bf2 Kf5 58. Kg2 Kg4 59. Kg1 Kf3 60. Ba7 g4 0-1


[Site "https://www.chess.com"]

[Event "Titled Tuesday Blitz April 05 Late 2022"]
[White "Papp, Levente"]
[Black "Prohorov, Olexandr"]
[WhiteFideId "751243"]
[BlackFideId "14105578"]
[WhiteElo "2605"]
[BlackElo "2439"]
[Result "1-0"]
[Round "09"]
[TimeControl "180+1"]
[Date "2022.04.06"]
[WhiteClock "0:00:23"]
[BlackClock "0:00:01"]

1. d4 Nf6 2. Bg5 c5 3. Bxf6 gxf6 4. e3 Qb6 5. b3 cxd4 6. exd4 Nc6 7. Nf3 Bg7 8. c3 d5 9. Be2 Bg4 10. O-O e6 11. Nh4 Bxe2 12. Qxe2 O-O-O 13. Nd2 Bh6 14. f4 Rhg8 15. Kh1 Bf8 16. b4 Kb8 17. a4 f5 18. Nhf3 Bd6 19. g3 Rc8 20. Nb3 Qd8 21. a5 a6 22. Rfb1 Na7 23. Nc5 Nb5 24. Qd3 Ka7 25. Nd2 h5 26. Nf3 Qc7 27. Rc1 Be7 28. Ne5 Bxc5 29. bxc5 h4 30. c4 1-0


[Site "https://www.chess.com"]

[Event "Titled Tuesday Blitz April 05 Late 2022"]
[White "Paravyan, David"]
[Black "Zhigalko, Sergei"]
[WhiteFideId "4194985"]
[BlackFideId "13502956"]
[WhiteElo "2569"]
[BlackElo "2662"]
[Result "0-1"]
[Round "09"]
[TimeControl "180+1"]
[Date "2022.04.05"]
[WhiteClock "0:00:04"]
[BlackClock "0:00:06"]

1. e4 c5 2. Nf3 Nc6 3. d4 cxd4 4. Nxd4 Nf6 5. Nc3 e5 6. Ndb5 d6 7. Nd5 Nxd5 8. exd5 Nb8 9. c4 Be7 10. c5 a6 11. cxd6 Bxd6 12. Nxd6+ Qxd6 13. Be3 O-O 14. Rc1 Nd7 15. Bc4 b6 16. O-O Bb7 17. a3 Rfd8 18. Bg5 f6 19. Be3 Rac8 20. Qg4 Nf8 21. Ba2 Kh8 22. h4 b5 23. b4 Qd7 24. Qe4 Ng6 25. h5 Ne7 26. h6 Rxc1 27. Rxc1 Nxd5 28. Rd1 Qf7 29. Bb6 Rd7 30. hxg7+ Kxg7 31. Qg4+ Kh8 32. Bc5 Qg7 33. Qh5 Qg6 34. Qxg6 hxg6 35. g3 Kg7 36. Rd2 Kf7 37. f4 exf4 38. gxf4 Kg7 39. Kf2 Bc6 40. Kg3 Nc7 41. Re2 Bd5 42. Bb1 Bc4 43. Rg2 Nd5 44. Kf3 Ne7 45. Bxe7 Bd5+ 46. Be4 Bxe4+ 47. Kxe4 Rxe7+ 48. Kd5 f5 49. Rc2 Re4 50. Rc6 Rxf4 51. Rxa6 Rf3 52. Ke5 Re3+ 53. Kf4 Re4+ 54. Kf3 Rc4 55. Ra5 Kf6 56. Rxb5 Rc3+ 57. Kg2 Rxa3 58. Rc5 Rb3 59. b5 Kg5 60. Kf2 Kg4 61. Rc6 g5 62. b6 f4 63. Kg2 Rb2+ 64. Kg1 Kg3 65. Rc1 Rxb6 0-1


[Site "https://www.chess.com"]

[Event "Titled Tuesday Blitz April 05 Late 2022"]
[White "Petrovic, Aleksa"]
[Black "Petrova, Irina"]
[WhiteFideId "967629"]
[BlackFideId "14124122"]
[WhiteElo "2473"]
[BlackElo "2265"]
[Result "1-0"]
[Round "09"]
[TimeControl "180+1"]
[Date "2022.04.06"]
[WhiteClock "0:00:02"]
[BlackClock "0:00:02"]

1. d4 d6 2. Nf3 g6 3. c4 Bg7 4. Nc3 Nc6 5. Bg5 Bg4 6. e3 Nf6 7. h3 Bf5 8. Bd3 Bxd3 9. Qxd3 O-O 10. O-O h6 11. Bf4 Nd7 12. Rad1 e5 13. dxe5 Ndxe5 14. Nxe5 Nxe5 15. Qe2 c6 16. Ne4 d5 17. cxd5 cxd5 18. Nc3 Rc8 19. Rxd5 Qe7 20. Rfd1 Nc4 21. Nb5 Nxb2 22. Bd6 Qe4 23. Bxf8 Nxd1 24. Bxg7 Qxd5 25. Bd4 Rc1 26. Kh2 a6 27. Na3 Nc3 28. Qb2 Nxa2 29. Bh8 Qd6+ 30. f4 f6 31. Bxf6 Qd1 32. Qxa2+ Kh7 33. Qf7# 1-0


[Site "https://www.chess.com"]

[Event "Titled Tuesday Blitz April 05 Late 2022"]
[White "Pinheiro, Iung Alicio de O."]
[Black "Diaz Perez, Michel Alejandro"]
[WhiteFideId "2104350"]
[BlackFideId "3517179"]
[WhiteElo "2565"]
[BlackElo "2313"]
[Result "1-0"]
[Round "09"]
[TimeControl "180+1"]
[Date "2022.04.05"]
[WhiteClock "0:00:16"]
[BlackClock "0:00:18"]

1. c4 Nf6 2. g3 c6 3. Bg2 d5 4. Nf3 e6 5. O-O Be7 6. b3 O-O 7. Bb2 Nbd7 8. d3 a5 9. Nc3 Re8 10. Qc2 b6 11. e4 dxe4 12. dxe4 e5 13. Na4 Qc7 14. Nh4 Nc5 15. Nxc5 Bxc5 16. Kh1 a4 17. Rae1 axb3 18. axb3 Bd7 19. Nf5 Ra2 20. Qb1 Rea8 21. h3 Be6 22. f4 Nd7 23. Nxg7 Kxg7 24. f5 Bd4 25. fxe6 fxe6 26. Bxd4 exd4 27. Qd1 Qxg3 28. Qxd4+ Ne5 29. Rg1 c5 30. Qd6 Kh8 31. Ref1 Rg8 32. Rf8 Kg7 33. Rxg8+ Kxg8 34. Qxe6+ Kf8 35. Rf1+ Kg7 36. Qe7+ Kh6 37. Qf8+ Kg5 38. Qf6+ Kh5 39. Rf5+ 1-0


[Site "https://www.chess.com"]

[Event "Titled Tuesday Blitz April 05 Late 2022"]
[White "Przybylski, Wojciech"]
[Black "Araujo Filho, Luiz Antonio Coel"]
[WhiteFideId "1117599"]
[BlackFideId "2130661"]
[WhiteElo "2133"]
[BlackElo "2269"]
[Result "1-0"]
[Round "09"]
[TimeControl "180+1"]
[Date "2022.04.06"]
[WhiteClock "0:00:10"]
[BlackClock "0:00:05"]

1. d4 f5 2. c4 Nf6 3. Nc3 g6 4. Bg5 Bg7 5. e3 O-O 6. Bd3 d6 7. Nge2 c6 8. O-O Qe8 9. f4 e5 10. fxe5 dxe5 11. d5 h6 12. Bh4 g5 13. Be1 Ng4 14. Bd2 e4 15. Bc2 Qe5 16. Ng3 h5 17. Re1 f4 18. Nf1 fxe3 19. Bxe3 Nxe3 20. Rxe3 Rxf1+ 21. Qxf1 Qd4 22. Re1 Bd7 23. Kh1 cxd5 24. cxd5 Na6 25. Rxe4 Qc5 26. Re7 Rf8 27. Qe2 Rf2 28. Qe4 Bf5 29. Rxg7+ Kxg7 30. Qe5+ Kg8 31. Bxf5 Qf8 32. Qe6+ Kh8 33. Qe5+ Kg8 34. Bd3 Nb4 35. Qxg5+ Kh8 36. Qxh5+ Kg7 37. Qg6+ Kh8 38. Qh7# 1-0


[Site "https://www.chess.com"]

[Event "Titled Tuesday Blitz April 05 Late 2022"]
[White "Quintiliano Pinto, Renato R."]
[Black "Vovk, Orest"]
[WhiteFideId "2117568"]
[BlackFideId "14113490"]
[WhiteElo "2439"]
[BlackElo "2203"]
[Result "1-0"]
[Round "09"]
[TimeControl "180+1"]
[Date "2022.04.05"]
[WhiteClock "0:00:17"]
[BlackClock "0:00:02"]

1. e4 g5 2. d4 h6 3. Be3 Bg7 4. c3 d5 5. e5 c5 6. Nd2 Nc6 7. h4 Qb6 8. Qb3 c4 9. Qc2 Bg4 10. hxg5 e6 11. Be2 Bf5 12. Qc1 hxg5 13. Rxh8 Bxh8 14. Bxg5 f6 15. exf6 Bxf6 16. Be3 O-O-O 17. Ngf3 Nge7 18. b3 Rh8 19. bxc4 Rh1+ 20. Nf1 dxc4 21. Bxc4 Nd5 22. Qd2 Qa5 23. Rc1 Qa3 24. Bd3 Qxc1+ 25. Qxc1 Bxd3 26. Kd2 Bxf1 27. Qa3 Be7 28. Qb3 Na5 29. Qa4 Nc4+ 30. Kc2 Ndxe3+ 31. fxe3 Nxe3+ 32. Kb2 Nc4+ 33. Kc2 Be2 34. Qe8+ Bd8 35. Qxe6+ Kb8 36. Qxe2 Na3+ 37. Kb3 Nb1 38. Qe5+ Kc8 39. Qe6+ Kb8 40. Qd7 Bb6 41. Qe8+ Kc7 42. a4 a6 43. a5 Bxa5 44. Qe5+ Kc8 45. Qxa5 Rc1 46. Qf5+ Kb8 47. Kb2 Rxc3 1-0


[Site "https://www.chess.com"]

[Event "Titled Tuesday Blitz April 05 Late 2022"]
[White "Quirke, Jeffrey"]
[Black "Gomez Dieguez, David"]
[WhiteFideId "2013029"]
[BlackFideId "22223630"]
[WhiteElo "2244"]
[BlackElo "2115"]
[Result "1/2-1/2"]
[Round "09"]
[TimeControl "180+1"]
[Date "2022.04.06"]
[WhiteClock "0:00:07"]
[BlackClock "0:00:19"]

1. c4 c5 2. Nf3 Nf6 3. Nc3 Nc6 4. e3 g6 5. d4 cxd4 6. exd4 d5 7. cxd5 Nxd5 8. Qb3 Nxc3 9. Bc4 Nd5 10. Bxd5 e6 11. Bxc6+ bxc6 12. O-O Qd5 13. Qc3 f6 14. Bf4 Kf7 15. Rfe1 Be7 16. h4 Bb7 17. b3 a5 18. Nd2 Bb4 19. Qe3 c5 20. Nf3 Bxe1 21. Rxe1 cxd4 22. Qxd4 Qxd4 23. Nxd4 e5 24. Nb5 Rhd8 25. Be3 a4 26. Bc5 Rd5 27. Nd6+ Rxd6 28. Bxd6 Ke6 29. Bc5 axb3 30. axb3 Bd5 31. b4 Ra2 32. Rc1 Rb2 33. Kh2 h6 34. Kg3 Rb3+ 35. f3 e4 36. Re1 Kf5 37. Re3 exf3 38. Rxb3 Bxb3 39. gxf3 Ba4 40. Be3 g5 41. hxg5 fxg5 42. Bd2 h5 43. Be3 Bc6 44. f4 h4+ 45. Kh3 gxf4 46. Bxf4 Kxf4 47. Kxh4 Ke4 48. b5 Bxb5 1/2-1/2


[Site "https://www.chess.com"]

[Event "Titled Tuesday Blitz April 05 Late 2022"]
[White "Ricaurte Lopez, Juan Carlos"]
[Black "Clawitter, Craig"]
[WhiteFideId "3600327"]
[BlackFideId "2023105"]
[WhiteElo "2209"]
[BlackElo "2221"]
[Result "1-0"]
[Round "09"]
[TimeControl "180+1"]
[Date "2022.04.06"]
[WhiteClock "0:00:51"]
[BlackClock "0:00:04"]

1. e4 e6 2. d4 d5 3. exd5 exd5 4. Nf3 Bd6 5. c4 Nf6 6. Nc3 O-O 7. Bg5 Re8+ 8. Be2 dxc4 9. O-O h6 10. Bh4 Nc6 11. Bxc4 Bg4 12. Be2 Bxf3 13. Bxf3 Nxd4 14. Bxb7 Rb8 15. Bd5 Nf5 16. Bxf6 Qxf6 17. Bb3 Qh4 18. g3 Nxg3 19. fxg3 Bxg3 20. Qd2 Re3 21. Rxf7 Rxb3 22. axb3 Bxh2+ 23. Kf1 Qh3+ 24. Qg2 Kxf7 25. Qxh3 Rxh3 26. Kg2 Rh5 27. Rxa7 Bd6 28. Ne4 1-0


[Site "https://www.chess.com"]

[Event "Titled Tuesday Blitz April 05 Late 2022"]
[White "Romanchuk, Viktor"]
[Black "Koziorowicz, Michal"]
[WhiteFideId "14109271"]
[BlackFideId "21809194"]
[WhiteElo "2242"]
[BlackElo "2235"]
[Result "1/2-1/2"]
[Round "09"]
[TimeControl "180+1"]
[Date "2022.04.05"]
[WhiteClock "0:00:16"]
[BlackClock "0:00:28"]

1. d4 f5 2. Nc3 Nf6 3. Bg5 d5 4. f3 e6 5. e4 dxe4 6. fxe4 Be7 7. exf5 O-O 8. Bc4 Nd5 9. Bxe7 Qxe7 10. Qe2 Nxc3 11. bxc3 Rxf5 12. Nf3 Nc6 13. O-O Bd7 14. Rae1 Raf8 15. Bxe6+ Bxe6 16. Qxe6+ Qxe6 17. Rxe6 Ra5 18. Ra1 Ra3 19. Re3 Rf5 20. Kf2 Rfa5 21. Ke2 Rxa2 22. Rxa2 Rxa2 23. d5 Na5 24. Kd3 Ra1 25. Re7 Rd1+ 26. Ke4 c6 27. dxc6 bxc6 28. Rxa7 Nc4 29. Rc7 Nd2+ 30. Nxd2 Rxd2 31. Kf3 Rd6 32. c4 h5 33. c5 Rg6 34. Rd7 Rg5 35. Rd4 Rxc5 36. c4 Kf7 37. Kf4 Ke6 38. h4 Rf5+ 39. Ke3 Ra5 40. g4 Ra3+ 41. Kf4 hxg4 42. Re4+ Kd6 43. Kxg4 Ra1 44. Kf5 Rg1 45. Rg4 Rxg4 46. Kxg4 Kc5 47. Kg5 Kxc4 48. Kg6 Kd5 49. Kxg7 c5 50. h5 c4 51. h6 c3 52. h7 c2 53. h8=Q c1=Q 54. Qd8+ Ke4 55. Qe7+ Kf3 56. Qf6+ Kg4 57. Qg6+ Kf3 58. Qf5+ Ke2 59. Qe4+ Kf2 60. Qf5+ Kg3 61. Qg6+ Kf3 62. Qf5+ Kg2 63. Qg4+ Kf1 64. Qf3+ Kg1 65. Qg3+ Kf1 66. Qf3+ Ke1 67. Qh1+ Kd2 68. Qxc1+ Kxc1 1/2-1/2


[Site "https://www.chess.com"]

[Event "Titled Tuesday Blitz April 05 Late 2022"]
[White "Ronka, Erik"]
[Black "Rorrer, Grayson"]
[WhiteFideId "505080"]
[BlackFideId "30944996"]
[WhiteElo "2264"]
[BlackElo "2122"]
[Result "0-1"]
[Round "09"]
[TimeControl "180+1"]
[Date "2022.04.05"]
[WhiteClock "0:00:04"]
[BlackClock "0:00:03"]

1. e4 e5 2. Nf3 Nc6 3. Bb5 a6 4. Ba4 g6 5. c3 Bg7 6. d4 exd4 7. cxd4 b5 8. Bc2 d6 9. O-O Bg4 10. d5 Nd4 11. Nbd2 Qf6 12. Bd3 Ne7 13. h3 Bxf3 14. Nxf3 c5 15. dxc6 Nexc6 16. Nxd4 Nxd4 17. Be3 O-O 18. Qd2 Ne6 19. Rab1 Nc5 20. Bc2 Rfe8 21. f3 h5 22. Rfd1 Bf8 23. b4 Nd7 24. Bb3 Rac8 25. Bd4 Qh4 26. Bd5 Rc7 27. Rbc1 Rxc1 28. Rxc1 Ne5 29. Rc7 Re7 30. Rxe7 Bxe7 31. Bf2 Qxh3 32. Qh6 Qd7 33. f4 Bf8 34. Qg5 Ng4 35. Qxg6+ Bg7 36. Qxh5 Nxf2 37. Kxf2 Qc7 38. Kf3 Qc3+ 39. Kg4 Qf6 40. Qf5 Qe7 41. Qg5 Qd7+ 42. Qf5 Qe7 43. Kf3 Qc7 44. g4 Qc3+ 45. Kg2 Qd2+ 46. Kg3 Qe1+ 47. Kg2 Qe2+ 48. Kg3 Qe3+ 49. Kg2 Qd2+ 50. Kg3 Qc3+ 51. Kg2 Qb2+ 52. Kg3 Qc3+ 53. Kh4 Qe1+ 54. Kg5 Bh6+ 55. Kxh6 Qh4+ 56. Qh5 Qf6+ 57. Qg6+ Qxg6# 0-1


[Site "https://www.chess.com"]

[Event "Titled Tuesday Blitz April 05 Late 2022"]
[White "Rosen, Eric"]
[Black "Kujawski, Adam"]
[WhiteFideId "2032562"]
[BlackFideId "1100920"]
[WhiteElo "2550"]
[BlackElo "2357"]
[Result "1-0"]
[Round "09"]
[TimeControl "180+1"]
[Date "2022.04.06"]
[WhiteClock "0:00:07"]
[BlackClock "0:00:02"]

1. e4 e5 2. Nf3 Nc6 3. c3 d5 4. Qa4 Bd7 5. exd5 Nd4 6. Qd1 Nxf3+ 7. Qxf3 Nf6 8. Bc4 e4 9. Qe2 Bd6 10. d3 b5 11. Bb3 O-O 12. dxe4 Nxe4 13. Be3 a5 14. Bc2 Re8 15. Nd2 Nxd2 16. Qxd2 a4 17. O-O Qh4 18. g3 Qh3 19. Rfe1 h5 20. Qd3 g6 21. Qf1 a3 22. Qxh3 Bxh3 23. b3 Be5 24. Bd4 Bxd4 25. cxd4 b4 26. Rac1 Kf8 27. Rxe8+ Rxe8 28. Bd3 Ke7 29. f3 Kd6 30. Be4 f5 31. Rc6+ Kd7 32. Bd3 Re3 33. Bb5 Kd8 34. Kf2 Rc3 35. Re6 Rc2+ 36. Ke3 c6 37. Rxc6 Rxc6 38. dxc6 Kc7 39. d5 g5 40. f4 g4 41. Kf2 Kd6 42. Bd3 h4 43. Bxf5 hxg3+ 44. hxg3 Kc7 45. Be4 Kd6 46. Bg2 Bxg2 47. Kxg2 Kxd5 48. c7 Kd4 49. c8=Q Kd3 50. f5 Kd2 51. f6 1-0


[Site "https://www.chess.com"]

[Event "Titled Tuesday Blitz April 05 Late 2022"]
[White "Rottenwohrer Suarez, Juan"]
[Black "Gatterer, Florian"]
[WhiteFideId "32068182"]
[BlackFideId "811688"]
[WhiteElo "2158"]
[BlackElo "2218"]
[Result "1-0"]
[Round "09"]
[TimeControl "180+1"]
[Date "2022.04.06"]
[WhiteClock "0:00:07"]
[BlackClock "0:00:18"]

1. d4 Nf6 2. c4 g6 3. Nf3 Bg7 4. g3 O-O 5. Bg2 d6 6. O-O c5 7. Nc3 Nc6 8. dxc5 dxc5 9. Be3 Be6 10. Qa4 Nd4 11. Rfd1 Bd7 12. Qa3 Nc2 13. Qxc5 Nxa1 14. Rxa1 b6 15. Qa3 Bc6 16. Rd1 Qc7 17. Nd5 Nxd5 18. cxd5 Bb7 19. Bf4 Qc5 20. Qxc5 bxc5 21. b3 Rfd8 22. e4 Rac8 23. Nd2 Ba6 24. Bh3 Ra8 25. Be3 Bd4 26. Bxd4 cxd4 27. Nc4 Bc8 28. Bg2 e6 29. Rxd4 exd5 30. exd5 Bb7 31. h4 Rac8 32. Na5 Ba8 33. Nc4 Kf8 34. Bf3 Rc5 35. Ne3 h5 36. Ra4 a5 37. Kg2 Kg7 38. Rf4 f5 39. Rd4 Rd6 40. Nc4 Rd8 41. d6 Bxf3+ 42. Kxf3 a4 43. bxa4 Kf6 44. a5 Ke6 45. a4 Kd7 46. Kf4 Ke6 47. Kg5 Rdc8 48. Nb6 Rd8 49. d7 Rxa5 50. Kxg6 Ke5 51. Rd2 Ke6 52. Nc4 Rxa4 53. Re2+ Kd5 54. Nb6+ Kc6 55. Nxa4 Rxd7 56. Nc3 Kc5 57. Kxf5 Rd3 58. Ne4+ Kb5 59. Kg5 Ra3 60. Kxh5 Ra1 61. Kg4 Kc4 62. h5 Kd3 63. Re3+ Kd4 64. h6 Ra8 65. Kg5 Rh8 66. Nf6 Ra8 67. Kg6 Ra7 68. h7 Rg7+ 69. Kxg7 Kc5 70. h8=Q 1-0


[Site "https://www.chess.com"]

[Event "Titled Tuesday Blitz April 05 Late 2022"]
[White "Rytenko, Vsevolod"]
[Black "Nazaretyan, Tigran"]
[WhiteFideId "14133040"]
[BlackFideId "24162345"]
[WhiteElo "2120"]
[BlackElo "2225"]
[Result "1-0"]
[Round "09"]
[TimeControl "180+1"]
[Date "2022.04.05"]
[WhiteClock "0:00:11"]
[BlackClock "0:00:09"]

1. e4 c5 2. Nf3 Nc6 3. Bb5 g6 4. O-O Bg7 5. Re1 Nf6 6. c3 O-O 7. d4 d5 8. exd5 Nxd5 9. Bg5 cxd4 10. Bxc6 bxc6 11. Nxd4 Bb7 12. Nd2 c5 13. N4f3 Qc7 14. Qa4 h6 15. Bh4 Rfe8 16. Bg3 e5 17. Nc4 Nb6 18. Qa5 Bxf3 19. gxf3 f5 20. Qb5 Re7 21. f4 g5 22. fxg5 hxg5 23. f3 Rae8 24. Bf2 Nd7 25. Rad1 Rb8 26. Qa6 Nb6 27. Nd6 Rf8 28. Qb5 g4 29. Qxc5 gxf3 30. Qxc7 Rxc7 31. Nb5 Rb7 32. Nd6 Rd7 33. Nb5 Rxd1 34. Rxd1 Nc4 35. b3 Na5 36. Bxa7 e4 37. c4 f4 38. Re1 e3 39. Bxe3 fxe3 40. Rxe3 Nc6 41. Kf2 Nd4 42. Rd3 Nxb5 43. cxb5 Ra8 44. a4 Rf8 45. Rxf3 Bd4+ 46. Ke2 Re8+ 47. Kd3 Bb6 48. Rf6 Re3+ 49. Kc4 Re4+ 50. Kd5 Rb4 51. Rxb6 Rxb3 52. a5 Kf7 53. a6 Ke7 54. Rb7+ Kf6 55. a7 Ra3 56. b6 Ra5+ 57. Kc6 Ra1 58. Rb8 Rc1+ 59. Kb7 Rc8 60. a8=Q Rxb8+ 61. Qxb8 Kf5 62. Qc7 Kg4 63. Kc8 Kf3 64. b7 Kg2 65. b8=Q Kh1 66. Qbb7+ 1-0


[Site "https://www.chess.com"]

[Event "Titled Tuesday Blitz April 05 Late 2022"]
[White "Sadovsky, Artem"]
[Black "Janturin, Artur"]
[WhiteFideId "4155840"]
[BlackFideId "4130022"]
[WhiteElo "2491"]
[BlackElo "2345"]
[Result "0-1"]
[Round "09"]
[TimeControl "180+1"]
[Date "2022.04.06"]
[WhiteClock "0:00:04"]
[BlackClock "0:00:29"]

1. c4 b6 2. e4 e6 3. Nf3 Bb7 4. Bd3 c5 5. O-O Nc6 6. Nc3 g6 7. Re1 Bg7 8. e5 Nge7 9. Nb5 Nc8 10. Be4 a6 11. Nd6+ Nxd6 12. exd6 Qb8 13. d4 Nxd4 14. Nxd4 Bxd4 15. Bxb7 Qxb7 16. Bg5 O-O 17. Be7 Rfb8 18. Rb1 b5 19. b3 a5 20. a4 bxc4 21. bxc4 Qa7 22. Rb5 Rxb5 23. cxb5 c4 24. Qf3 Rc8 25. Rb1 c3 26. b6 c2 27. Rc1 Qxb6 28. Qd3 Bxf2+ 29. Kf1 Be3 30. Rxc2 Qb1+ 31. Ke2 Qxc2+ 32. Qxc2 Rxc2+ 33. Kxe3 Rc4 34. Bd8 Rxa4 35. Kd3 f5 36. g3 Kf7 37. h4 e5 38. Be7 Ke6 39. Kc3 Rg4 40. Kb3 Rxg3+ 41. Ka4 Rd3 42. Kxa5 Rxd6 43. Bxd6 Kxd6 44. h5 gxh5 0-1


[Site "https://www.chess.com"]

[Event "Titled Tuesday Blitz April 05 Late 2022"]
[White "Saldano Dayer, Horacio"]
[Black "Sarkar, Justin"]
[WhiteFideId "103411"]
[BlackFideId "2010011"]
[WhiteElo "2488"]
[BlackElo "2322"]
[Result "1-0"]
[Round "09"]
[TimeControl "180+1"]
[Date "2022.04.06"]
[WhiteClock "0:00:59"]
[BlackClock "0:00:01"]

1. g3 c5 2. Bg2 Nc6 3. c4 g6 4. Nc3 Bg7 5. a3 d6 6. Rb1 Bf5 7. e4 Be6 8. d3 Nd4 9. Nge2 Bg4 10. h3 Bxe2 11. Nxe2 Nxe2 12. Qxe2 Nf6 13. O-O O-O 14. b4 Nd7 15. Be3 Rc8 16. bxc5 Nxc5 17. Bxc5 dxc5 18. Rxb7 Rc7 19. Rb3 Bd4 20. Kh2 e5 21. f4 exf4 22. gxf4 Qe7 23. e5 Kh8 24. Bd5 f6 25. e6 f5 26. Qf3 Kg7 27. Rf2 Bxf2 28. Qxf2 Qd6 29. Qe3 g5 30. Qe5+ Qxe5 31. fxe5 Re8 32. Kg3 h5 33. h4 f4+ 34. Kf3 gxh4 35. Kxf4 Rf8+ 36. Kg5 h3 37. Rb2 Rf1 38. Rh2 Rg1+ 39. Kf4 Rg4+ 40. Ke3 Rh4 41. Kf3 Kh6 42. Kg3 Rd4 43. Be4 Rg7+ 44. Kxh3 Rg5 45. Rf2 Rxe5 46. Rf6+ Kg5 47. Rg6+ Kf4 48. Kh4 Ke3 49. Rf6 Rdxe4+ 50. dxe4 1-0


[Site "https://www.chess.com"]